 Dungeon Crawl Stone Soup version 0.18-b1-14-g029dad2 (webtiles) character file.

4298 wvc the Slicer (level 10, -3/73 HPs)
             Began as a Mummy Monk on Apr 30, 2016.
             Was a High Priest of Okawaru.
             Slain by a manticore (9 damage)
             ... on level 10 of the Dungeon.
             The game lasted 00:24:09 (9280 turns).

wvc the Slicer (Mummy Monk)                         Turns: 9280, Time: 00:24:10

Health: -3/73      AC:  9    Str: 14    XL:     10   Next: 11%
Magic:  10/10      EV: 18    Int: 10    God:    Okawaru [*****.]
Gold:   449        SH:  0    Dex: 18    Spells: 0 memorised, 9 levels left

rFire  . . .     SeeInvis .     d - +0 dagger (venom)
rCold  . . .     Gourm    .     g - +0 ring mail
rNeg   + + +     Faith    .     (no shield)
rPois  ∞         Spirit   .     j - +1 helmet
rElec  .         Dismiss  .     m - +0 cloak
rCorr  .         Reflect  .     (no gloves)
SustAt .         Harm     .     (no boots)
MR     +....                    (no amulet)
Stlth  +.........               E - ring of fire
                                r - +5 ring of evasion

@: manticore barbs, somewhat resistant to hostile enchantments, very unstealthy
A: no food or potions, fire vulnerability, cold resistance 1, negative energy
resistance 3, torment resistance, unbreathing
a: Heroism, Finesse, Renounce Religion


You were on level 10 of the Dungeon.
You worshipped Okawaru.
Okawaru was extremely pleased with you.
You were not hungry.

You visited 1 branch of the dungeon, and saw 10 of its levels.

You collected 451 gold pieces.

Inventory:

Hand Weapons
 b - a +0 hand axe
 d - a +0 dagger of venom (weapon)
 x - a +0 blowgun
Missiles
 a - 10 needles of sleeping
 i - 26 poisoned needles
 v - 2 throwing nets (quivered)
Armour
 g - a +0 ring mail (worn)
 j - a +1 helmet (worn)
 m - a +0 cloak (worn)
Magical Staves
 y - an uncursed staff of earth
Jewellery
 r - a +5 ring of evasion (left hand)
 u - an uncursed ring of see invisible
 A - an uncursed ring of stealth
 E - a ring of fire (right hand)
Wands
 n - a wand of confusion (17/48)
 o - a wand of flame (5/48)
 p - a wand of flame (39/48)
 z - a wand of flame (23/48)
Scrolls
 c - a scroll of teleportation
 f - a scroll of noise
 h - a scroll of fog
 k - 5 scrolls of remove curse
 l - a scroll of fear
 s - 3 scrolls of enchant armour
 t - 2 scrolls of amnesia
 w - 2 scrolls of identify
Books
 e - a book of the Dragon

   Spells                             Type                      Level
   a - Flame Tongue                   Conjuration/Fire             1
   b - Cause Fear                     Hexes                        4
   c - Bolt of Fire                   Conjuration/Fire             6
   d - Dragon Form                    Transmutation                7
   e - Dragon's Call                  Summoning                    9
 q - a book of Summonings

   Spells                             Type                      Level
   a - Recall                         Summoning/Translocation      3
   b - Aura of Abjuration             Summoning                    5
   c - Summon Demon                   Summoning                    5
   d - Summon Forest                  Summoning/Translocation      5
   e - Summon Mana Viper              Hexes/Summoning              5
   f - Shadow Creatures               Summoning                    6
 C - a book of Alchemy

   Spells                             Type                      Level
   a - Sublimation of Blood           Necromancy                   2
   b - Ignite Poison                  Fire/Transmutation/Poison    3
   c - Petrify                        Transmutation/Earth          4
   d - Alistair's Intoxication        Transmutation/Poison         5
   e - Irradiate                      Conjuration/Transmutation    5
Miscellaneous
 B - a plain deck of escape {drawn: 4}
 D - a plain deck of defence


   Skills:
 + Level 4.4 Fighting
 * Level 10.1 Short Blades
 - Level 0.4 Axes
 + Level 4.7 Armour
 + Level 4.8 Dodging
 - Level 1.5 Stealth
 - Level 3.2 Unarmed Combat


You had 9 spell levels left.
You didn't know any spells.

Dungeon Overview and Level Annotations

Branches:
Dungeon (10/15)            Temple (0/1) D:5
   Lair: D:8-11         Orc: D:9-12

Altars:
Cheibriados
Fedhas
Gozag
Kikubaaqudgha
Nemelex Xobeh
Okawaru
Pakellas
Qazlal
Ru
Sif Muna
Trog
Zin
The Shining One

Shops:
D:8 !   D:10 *


Innate Abilities, Weirdness & Mutations

You do not eat or drink.
Your flesh is vulnerable to fire.
You are immune to poison.
Your flesh is cold resistant.
You are immune to negative energy.
You are immune to unholy pain and torment.
You can survive without breathing.


Message History

You are too injured to fight recklessly!
You hit the manticore but do no damage.
The manticore is severely wounded.
You hit the manticore but do no damage.
The manticore is severely wounded.
The manticore misses you. x2
The manticore claws you but does no damage.
You closely miss the manticore.
The manticore is severely wounded.
You hit the manticore.
The manticore is almost dead.
The manticore barely misses you. The manticore claws you!
* * * LOW HITPOINT WARNING * * *
The manticore misses you.
You hit the manticore.
The manticore is almost dead.
You hit the manticore but do no damage.
The manticore is almost dead.
The manticore bites you!
You die...

.## ..# .
..## ..
...#...
....... .....
##..# ##@H#
##..## ##..##
##..## ##..##
##..##
#####..## #
###......#
####........#


You could see a manticore.

Vanquished Creatures
  A human (D:7)
  3 yaks (D:9)
  A hippogriff (D:8)
  2 hungry ghosts (D:9)
  An ice beast (D:9)
  An orc warrior (D:9)
  4 sky beasts
  A necrophage (D:10)
  3 ogres
  2 centaurs
  3 big kobolds
  A giant frog (D:7)
  A water moccasin zombie (D:8)
  5 scorpions
  5 wights (D:6)
  2 vampire bats (D:6)
  2 howler monkeys
  2 giant frog zombies
  3 crimson imps
  A quasit (D:7)
  2 hounds
  Crazy Yiuf (D:2)
  2 centaur skeletons
  3 jellies (D:9)
  3 orc priests
  7 orc wizards
  Jessica (D:3)
  An iguana (D:10)
  Natasha (thrice) (D:2)
  2 worker ants
  4 sheep (D:7)
  A hound zombie (D:7)
  3 hound skeletons
  2 worker ant zombies
  A howler monkey skeleton (D:9)
  10 adders
  A shadow imp (D:9)
  3 oozes (D:2)
  3 adder skeletons
  An adder zombie (D:5)
  A worm (D:2)
  2 dart slugs
  9 giant geckos
  29 orcs
  6 bats
  4 bat skeletons (D:6)
  2 bat zombies (D:6)
  8 giant cockroaches
  9 goblins
  6 hobgoblins
  14 jackals
  19 kobolds
  2 quokkas
  A ball python (D:1)
  A giant gecko skeleton (D:7)
  6 giant newts
  A goblin skeleton (D:7)
  A goblin zombie (D:7)
  2 hobgoblin zombies (D:7)
  A kobold skeleton (D:7)
  A kobold zombie (D:7)
  An orc skeleton (D:7)
  3 orc zombies (D:7)
  2 quokka skeletons
  A quokka zombie (D:8)
  12 rats
  A plant (D:6)
243 creatures vanquished.

Vanquished Creatures (collateral kills)
  A quasit (D:9)
1 creature vanquished.

Grand Total: 244 creatures vanquished

Notes
Turn   | Place    | Note
--------------------------------------------------------------
     0 | D:1      | wvc the Mummy Monk began the quest for the Orb.
     0 | D:1      | Reached XP level 1. HP: 18/18 MP: 1/1
   188 | D:1      | Reached XP level 2. HP: 18/24 MP: 2/2
   919 | D:1      | Reached skill level 1 in Short Blades
   926 | D:1      | Reached XP level 3. HP: 23/29 MP: 3/3
  1346 | D:2      | You fall through a shaft!
  1364 | D:3      | Noticed Jessica
  1373 | D:3      | Killed Jessica
  1373 | D:3      | Reached skill level 2 in Short Blades
  1373 | D:3      | Reached XP level 4. HP: 35/35 MP: 4/4
  1538 | D:2      | Noticed Natasha
  1549 | D:2      | Killed Natasha
  1549 | D:2      | Reached skill level 3 in Short Blades
  1569 | D:2      | Noticed Natasha
  1588 | D:2      | Killed Natasha
  1588 | D:2      | Reached XP level 5. HP: 14/41 MP: 5/5
  1722 | D:2      | Found a bloodstained altar of Trog.
  1723 | D:2      | Found an iron altar of Okawaru.
  1732 | D:2      | Became a worshipper of Warmaster Okawaru
  1732 | D:2      | Reached * piety under Okawaru
  1732 | D:2      | Reached ** piety under Okawaru
  1970 | D:2      | Noticed Natasha
  1981 | D:2      | Killed Natasha
  2046 | D:2      | Found a sacrificial altar of Ru.
  2197 | D:2      | Noticed Crazy Yiuf
  2215 | D:2      | Killed Crazy Yiuf
  2215 | D:2      | Reached skill level 4 in Short Blades
  2803 | D:3      | Reached XP level 6. HP: 41/47 MP: 6/6
  2874 | D:3      | Found an oddly glowing altar of Pakellas.
  3675 | D:4      | Reached skill level 5 in Short Blades
  3872 | D:5      | Entered Level 5 of the Dungeon
  4134 | D:5      | Found a deep blue altar of Sif Muna.
  4247 | D:5      | Reached XP level 7. HP: 52/52 MP: 7/7
  4254 | D:5      | Found a staircase to the Ecumenical Temple.
  4259 | D:5      | Reached skill level 6 in Short Blades
  4458 | D:6      | Found a snail-covered altar of Cheibriados.
  4638 | D:6      | Found a blossoming altar of Fedhas.
  4656 | D:6      | Reached skill level 7 in Short Blades
  4772 | D:6      | Reached *** piety under Okawaru
  4791 | D:6      | Found a stormy altar of Qazlal.
  4843 | D:6      | Found an ancient bone altar of Kikubaaqudgha.
  5025 | D:6      | Reached XP level 8. HP: 54/58 MP: 8/8
  5256 | D:6      | Reached skill level 8 in Short Blades
  5873 | D:7      | Reached skill level 9 in Short Blades
  5887 | D:7      | Reached **** piety under Okawaru
  6111 | D:7      | Found a glowing golden altar of the Shining One.
  6414 | D:7      | Reached skill level 1 in Armour
  6414 | D:7      | Reached XP level 9. HP: 43/64 MP: 9/9
  6865 | D:8      | Found a glowing golden altar of the Shining One.
  6898 | D:8      | Found a glowing silver altar of Zin.
  7051 | D:8      | Found a deep blue altar of Sif Muna.
  7325 | D:8      | Reached ***** piety under Okawaru
  7404 | D:8      | Found Feikuy's Distillery.
  7492 | D:9      | Found a sparkling altar of Nemelex Xobeh.
  7613 | D:9      | Found an opulent altar of Gozag.
  8610 | D:9      | Reached skill level 10 in Short Blades
  8610 | D:9      | Reached XP level 10. HP: 48/72 MP: 7/10
  9056 | D:10     | Entered Level 10 of the Dungeon
  9056 | D:10     | Found Soyxag's General Store.
  9256 | D:10     | Noticed a manticore
  9280 | D:10     | Slain by a manticore

Skill      XL: |  1  2  3  4  5  6  7  8  9 |
---------------+----------------------------+-----
Short Blades   | 1 2 3 4 5 7 9 10 | 10.1
Armour         | 1 4 |  4.7
Dodging        | 3 4 |  4.8
Fighting       | 4 |  4.4
Axes           | |  0.4
Stealth        | |  1.5
Unarmed Combat | |  3.2

Action                   |  1- 3 |  4- 6 |  7- 9 | 10-12 || total
-------------------------+-------+-------+-------+-------++-------
Melee: Unarmed           |    47 |       |       |       ||    47
       Dagger            |    56 |   357 |  1128 |   173 ||  1714
       Punch             |     1 |     2 |    22 |     4 ||    29
Throw: Throwing net      |       |       |     2 |       ||     2
Invok: Heroism           |       |     1 |     6 |       ||     7
Evoke: Wand              |       |       |    25 |       ||    25
       Deck              |       |       |     4 |       ||     4
  Use: Scroll            |       |     9 |     4 |       ||    13
 Stab: Sleeping          |     4 |     1 |     2 |       ||     7
       Distracted        |       |     1 |     1 |       ||     2
Armor: Robe              |    16 |       |       |       ||    16
       Ring mail         |     2 |    94 |   174 |    15 ||   285
Dodge: Dodged            |    65 |   196 |   655 |    74 ||   990
